PAA
CHESAPEAKE CANGREJOS FANTASMAS @ NORTHVILLE ECLIPSE
06/18/2043
 
TOP OF THE 1ST
Chesapeake Cangrejos Fantasmas batting - Pitching for Northville Eclipse : RHP John Sparks
Pitching: RHP John Sparks
Batting: RHB Marcos Calvo 0-0: Ball
1-0: Ball
2-0: Ball
3-0: Base on Balls
Batting: LHB Ken Jackson 0-0: Ball
1-0: Ground out 6-3 (Groundball, 6S, EV 74.4 MPH)
Marcos Calvo to second
Batting: LHB Joey Terry 0-0: Called Strike
0-1: Ball
1-1: Foul Ball, location: 2F
1-2: Ball
Wild Pitch!
Marcos Calvo to third
2-2: Foul Ball, location: 2F
2-2: Foul Ball, location: 2F
2-2: Ball
3-2: Foul Ball, location: 2F
3-2: Fly out, F9 (Flyball, 9, EV 89.4 MPH)
Runner from 3rd tags up, OUT at HOME! 9-2
Top of the 1st over - 0 runs, 0 hits, 0 errors, 0 left on base; Chesapeake 0 - Northville 0
BOTTOM OF THE 1ST
Northville Eclipse batting - Pitching for Chesapeake Cangrejos Fantasmas : RHP Paul Wolfe
Pitching: RHP Paul Wolfe
Batting: LHB John Kersey 0-0: Ball
1-0: Ball
2-0: Foul Ball, location: 2F
2-1: Ground out 4-3 (Groundball, 34, EV 77.5 MPH)
Batting: LHB Bob Holmes 0-0: Called Strike
0-1: Fly out, F2 (Popup, 23F, EV 76.9 MPH)
Batting: LHB Jorge Napolez 0-0: Called Strike
0-1: Swinging Strike
0-2: Ball
1-2: Ball
2-2: Strikes out looking
Bottom of the 1st over - 0 runs, 0 hits, 0 errors, 0 left on base; Chesapeake 0 - Northville 0
TOP OF THE 2ND
Chesapeake Cangrejos Fantasmas batting - Pitching for Northville Eclipse : RHP John Sparks
Batting: LHB Adam Lee 0-0: Ball
1-0: Ball
2-0: Ball
3-0: Base on Balls
Batting: LHB Bartolo Tasis 0-0: Ball
1-0: Ball
2-0: Fielders Choice at 2nd, 4-6 (Groundball, 4, EV 88.8 MPH)
Batting: RHB Shi-xian Zhào 0-0: Ball
1-0: Ball
2-0: Foul Ball, location: 2F
2-1: Called Strike
Bartolo Tasis is caught stealing 2nd base 2-4
2-2: Ball
3-2: Strikes out swinging
Top of the 2nd over - 0 runs, 0 hits, 0 errors, 0 left on base; Chesapeake 0 - Northville 0
BOTTOM OF THE 2ND
Northville Eclipse batting - Pitching for Chesapeake Cangrejos Fantasmas : RHP Paul Wolfe
Batting: LHB Dan Webb 0-0: Foul Ball, location: 2F
0-1: Ball
1-1: Ball
2-1: Fly out, F9 (Flyball, 9LM, EV 79.4 MPH)
Batting: RHB Kuan Pi 0-0: Called Strike
0-1: Foul Ball, location: 2F
0-2: Strikes out looking
Batting: RHB Kane Felton 0-0: Called Strike
0-1: Ball
1-1: Ball
2-1: SOLO HOME RUN (Flyball, 7D, EV 96.9 MPH), Distance : 395 ft
Batting: LHB Ramón Gómez 0-0: Swinging Strike
0-1: Foul Ball, location: 2F
0-2: SINGLE (Groundball, 6MD, EV 104.4 MPH)
Batting: RHB Dan Babauta 0-0: Ball
1-0: Swinging Strike
1-1: Ball
2-1: Ground out 5-3 (Groundball, 56S, EV 89.4 MPH)
Bottom of the 2nd over - 1 run, 2 hits, 0 errors, 1 left on base; Chesapeake 0 - Northville 1
TOP OF THE 3RD
Chesapeake Cangrejos Fantasmas batting - Pitching for Northville Eclipse : RHP John Sparks
Batting: RHB Bo Rajat 0-0: Foul Ball, location: 2F
0-1: Foul Ball, location: 2F
0-2: DOUBLE (Flyball, 8RXD, EV 101.9 MPH)
Batting: RHB Bang Aang 0-0: Ball
1-0: Called Strike
1-1: Ball
2-1: Reached on error, E9 (Flyball, 9, EV 81.2 MPH)
Bo Rajat to third
Batting: RHB Freddie Butterworth 0-0: Fly out, F9 (Flyball, 89S, EV 90.0 MPH)
Batting: RHB Marcos Calvo 0-0: Foul Ball, location: 2F
0-1: Grounds into double play, 4-6-3 (Groundball, 4, EV 88.1 MPH)
Top of the 3rd over - 0 runs, 1 hit, 1 error, 1 left on base; Chesapeake 0 - Northville 1
BOTTOM OF THE 3RD
Northville Eclipse batting - Pitching for Chesapeake Cangrejos Fantasmas : RHP Paul Wolfe
Batting: RHB Bastien Oudin 0-0: Called Strike
0-1: Called Strike
0-2: Foul Ball, location: 2F
0-2: Ball
1-2: Fly out, F8 (Flyball, 8RM, EV 85.6 MPH)
Batting: LHB John Kersey 0-0: Foul Ball, location: 2F
0-1: Foul Ball, location: 2F
0-2: Ball
1-2: Ball
2-2: Foul Ball, location: 2F
2-2: Foul Ball, location: 2F
2-2: Foul Ball, location: 2F
2-2: Ball
3-2: Base on Balls
Batting: LHB Bob Holmes 0-0: Ball
1-0: Ball
2-0: Called Strike
2-1: SINGLE (Groundball, 4, EV 85.0 MPH) (infield hit)
John Kersey to second
Batting: LHB Jorge Napolez 0-0: Ball
1-0: Called Strike
1-1: Ball
2-1: Ball
3-1: Fly out, F7 (Line Drive, 7S, EV 93.8 MPH)
Batting: LHB Dan Webb 0-0: Ball
1-0: Ball
2-0: Foul Ball, location: 2F
2-1: Ground out U3 (Groundball, 34, EV 78.1 MPH)
Bottom of the 3rd over - 0 runs, 1 hit, 0 errors, 2 left on base; Chesapeake 0 - Northville 1
TOP OF THE 4TH
Chesapeake Cangrejos Fantasmas batting - Pitching for Northville Eclipse : RHP John Sparks
Batting: LHB Ken Jackson 0-0: Ball
1-0: Foul Ball, location: 2F
1-1: SINGLE (Line Drive, 6D, EV 95.6 MPH)
Batting: LHB Joey Terry 0-0: Ball
1-0: Foul Ball, location: 2F
1-1: 2-RUN HOME RUN (Flyball, 78XD, EV 103.8 MPH), Distance : 441 ft
Batting: LHB Adam Lee 0-0: Ball
1-0: Foul Ball, location: 2F
1-1: Foul Ball, location: 2F
1-2: Ball
2-2: Ball
3-2: Base on Balls
Batting: LHB Bartolo Tasis 0-0: Fly out, F1 (Line Drive, P, EV 66.2 MPH)
Batting: RHB Shi-xian Zhào 0-0: Called Strike
0-1: Called Strike
0-2: Strikes out swinging
Batting: RHB Bo Rajat 0-0: Called Strike
0-1: Foul Ball, location: 2F
0-2: Strikes out swinging
Top of the 4th over - 2 runs, 2 hits, 0 errors, 1 left on base; Chesapeake 2 - Northville 1
BOTTOM OF THE 4TH
Northville Eclipse batting - Pitching for Chesapeake Cangrejos Fantasmas : RHP Paul Wolfe
Batting: RHB Kuan Pi 0-0: Called Strike
0-1: Foul Ball, location: 2F
0-2: Ball
1-2: Foul Ball, location: 2F
1-2: Strikes out swinging
Batting: RHB Kane Felton 0-0: Called Strike
0-1: Ball
1-1: Swinging Strike
1-2: Ball
2-2: Strikes out swinging, 2-3 out at first.
Batting: LHB Ramón Gómez 0-0: Ball
1-0: Ball
2-0: Called Strike
2-1: Foul Ball, location: 2F
2-2: Ground out 5-3 (Groundball, 56, EV 85.6 MPH)
Bottom of the 4th over - 0 runs, 0 hits, 0 errors, 0 left on base; Chesapeake 2 - Northville 1
TOP OF THE 5TH
Chesapeake Cangrejos Fantasmas batting - Pitching for Northville Eclipse : RHP John Sparks
Batting: RHB Bang Aang 0-0: Ball
1-0: Ball
2-0: Ground out 5-3 (Groundball, 56S, EV 67.5 MPH)
Batting: RHB Freddie Butterworth 0-0: Ground out 5-3 (Groundball, 5, EV 78.1 MPH)
Batting: RHB Marcos Calvo 0-0: Ball
1-0: Ground out 6-3 (Groundball, 6, EV 85.0 MPH)
Top of the 5th over - 0 runs, 0 hits, 0 errors, 0 left on base; Chesapeake 2 - Northville 1
BOTTOM OF THE 5TH
Northville Eclipse batting - Pitching for Chesapeake Cangrejos Fantasmas : RHP Paul Wolfe
Batting: RHB Dan Babauta 0-0: Called Strike
0-1: Called Strike
0-2: Ground out 1-3 (Groundball, 34S, EV 81.9 MPH)
Batting: RHB Bastien Oudin 0-0: Ball
1-0: Called Strike
1-1: Foul Ball, location: 2F
1-2: Foul Ball, location: 2F
1-2: DOUBLE (Line Drive, 7LM, EV 97.5 MPH)
Batting: LHB John Kersey 0-0: Ball
1-0: Ball
2-0: Ball
3-0: Called Strike
3-1: Foul Ball, location: 2F
3-2: Fly out, F8 (Line Drive, 8LM, EV 89.4 MPH)
Batting: LHB Bob Holmes 0-0: DOUBLE (Line Drive, 89M, EV 106.2 MPH)
Bastien Oudin scores
Batting: LHB Jorge Napolez 0-0: Swinging Strike
0-1: Called Strike
0-2: Ball
1-2: Strikes out swinging
Bottom of the 5th over - 1 run, 2 hits, 0 errors, 1 left on base; Chesapeake 2 - Northville 2
TOP OF THE 6TH
Chesapeake Cangrejos Fantasmas batting - Pitching for Northville Eclipse : RHP John Sparks
Batting: LHB Ken Jackson 0-0: Called Strike
0-1: Foul Ball, location: 2F
0-2: Ball
1-2: Strikes out looking
Batting: LHB Joey Terry 0-0: Called Strike
0-1: Ball
1-1: Fly out, F9 (Flyball, 89M, EV 79.4 MPH)
Batting: LHB Adam Lee 0-0: Ball
1-0: Ball
2-0: Ball
3-0: Called Strike
3-1: Foul Ball, location: 2F
3-2: Base on Balls
Batting: LHB Bartolo Tasis 0-0: Ball
1-0: Foul Ball, location: 2F
1-1: Ball
2-1: SINGLE (Line Drive, 56D, EV 100.6 MPH)
Adam Lee to second
Pitching: RHP Abisai Tinter
Pinch Runner at 2nd Félix Linaza:
Batting: RHB Shi-xian Zhào 0-0: SINGLE (Groundball, 6MD, EV 98.8 MPH)
Félix Linaza to third
Bartolo Tasis to second
Runner from 3rd tries for Home, SAFE, no throw by CF
Batting: RHB Bo Rajat 0-0: Ball
Shi-xian Zhào steals 2nd base
Bartolo Tasis steals 3rd base
1-0: Called Strike
1-1: Ball
2-1: Ball
3-1: Called Strike
3-2: Strikes out looking
Top of the 6th over - 1 run, 2 hits, 0 errors, 2 left on base; Chesapeake 3 - Northville 2
BOTTOM OF THE 6TH
Northville Eclipse batting - Pitching for Chesapeake Cangrejos Fantasmas : RHP Paul Wolfe
Pitching: LHP Anathapinda Sahar
Batting: LHB Dan Webb 0-0: Ball
1-0: Ball
2-0: Ball
3-0: Called Strike
3-1: Base on Balls
Batting: RHB Kuan Pi 0-0: Ball
1-0: Ball
2-0: SINGLE (Flyball, 8LS, EV 97.5 MPH)
Dan Webb to second
Batting: RHB Kane Felton 0-0: Fly out, F4 (Popup, 4, EV 56.9 MPH)
Batting: LHB Ramón Gómez 0-0: Called Strike
0-1: Ball
1-1: Swinging Strike
1-2: SINGLE (Line Drive, 7S, EV 106.9 MPH)
Dan Webb to third
Kuan Pi to second
Batting: RHB Dan Babauta 0-0: Called Strike
0-1: Ball
1-1: Ball
2-1: Ball
3-1: Fly out, F8 (Flyball, 8LM, EV 91.2 MPH)
Runner from 3rd tags up, SCORES, throw by CF
Batting: RHB Bastien Oudin 0-0: Fly out, F9 (Flyball, 9S, EV 91.9 MPH)
Bottom of the 6th over - 1 run, 2 hits, 0 errors, 2 left on base; Chesapeake 3 - Northville 3
TOP OF THE 7TH
Chesapeake Cangrejos Fantasmas batting - Pitching for Northville Eclipse : RHP Abisai Tinter
Batting: RHB Bang Aang 0-0: Ball
1-0: Called Strike
1-1: Called Strike
1-2: Foul Ball, location: 2F
1-2: Ball
2-2: Reached on error, E5 (Groundball, 5S, EV 81.9 MPH)
Batting: RHB Freddie Butterworth 0-0: Ball
1-0: Ball
2-0: Ball
3-0: Called Strike
3-1: Base on Balls
Bang Aang to second
Batting: RHB Marcos Calvo 0-0: Ball
1-0: Bunted foul
1-1: Bunted foul
1-2: Ball
2-2: Ball
3-2: Base on Balls
Bang Aang to third
Freddie Butterworth to second
Batting: LHB Ken Jackson 0-0: Ball
1-0: SINGLE (Groundball, 5S, EV 65.0 MPH) (infield hit)
Bang Aang scores
Freddie Butterworth to third
Marcos Calvo to second
Batting: LHB Joey Terry 0-0: Called Strike
0-1: Grounds into fielders choice 3-2 (Groundball, 34S, EV 88.1 MPH)
Marcos Calvo to third
Ken Jackson to second
Batting: SHB Félix Linaza 0-0: Ball
1-0: Grounds into fielders choice 1-2 (Groundball, 13, EV 86.9 MPH)
Ken Jackson to third
Joey Terry to second
Batting: LHB Bartolo Tasis 0-0: Called Strike
0-1: Swinging Strike
0-2: Ball
1-2: Ball
2-2: Foul Ball, location: 2F
2-2: Ball
3-2: Base on Balls
Ken Jackson scores
Joey Terry to third
Félix Linaza to second
Batting: RHB Shi-xian Zhào 0-0: Foul Ball, location: 2F
0-1: Ball
1-1: Ball
2-1: Called Strike
2-2: Ball
3-2: Foul Ball, location: 2F
3-2: Strikes out swinging
Top of the 7th over - 2 runs, 1 hit, 1 error, 3 left on base; Chesapeake 5 - Northville 3
BOTTOM OF THE 7TH
Northville Eclipse batting - Pitching for Chesapeake Cangrejos Fantasmas : LHP Anathapinda Sahar
Batting: LHB John Kersey 0-0: Called Strike
0-1: Called Strike
0-2: Ball
1-2: Ground out 6-3 (Groundball, 6, EV 88.8 MPH)
Batting: LHB Bob Holmes 0-0: SINGLE (Groundball, 15S, EV 66.2 MPH) (infield hit)
Batting: LHB Jorge Napolez 0-0: Ball
1-0: Grounds into double play, 6-4-3 (Groundball, 6, EV 85.6 MPH)
Bottom of the 7th over - 0 runs, 1 hit, 0 errors, 0 left on base; Chesapeake 5 - Northville 3
TOP OF THE 8TH
Chesapeake Cangrejos Fantasmas batting - Pitching for Northville Eclipse : RHP Abisai Tinter
Batting: RHB Bo Rajat 0-0: Foul Ball, location: 2F
0-1: Foul Ball, location: 2F
0-2: Ball
1-2: Strikes out swinging
Batting: RHB Bang Aang 0-0: Ball
1-0: Called Strike
1-1: Ground out 6-3 (Groundball, 6, EV 96.2 MPH)
Batting: RHB Freddie Butterworth 0-0: Called Strike
0-1: Foul Ball, location: 2F
0-2: Ball
1-2: Foul Ball, location: 2F
1-2: Foul Ball, location: 2F
1-2: Strikes out swinging
Top of the 8th over - 0 runs, 0 hits, 0 errors, 0 left on base; Chesapeake 5 - Northville 3
BOTTOM OF THE 8TH
Northville Eclipse batting - Pitching for Chesapeake Cangrejos Fantasmas : LHP Anathapinda Sahar
Batting: LHB Dan Webb 0-0: Ball
1-0: Ball
2-0: Called Strike
2-1: Foul Ball, location: 2F
2-2: Foul Ball, location: 2F
2-2: Foul Ball, location: 2F
2-2: Foul Ball, location: 2F
2-2: Strikes out swinging
Batting: RHB Kuan Pi 0-0: Foul Ball, location: 2F
0-1: Fly out, F9 (Flyball, 9LM, EV 93.8 MPH)
Batting: RHB Kane Felton 0-0: Ball
1-0: Called Strike
1-1: Foul Ball, location: 2F
1-2: Ball
2-2: Strikes out looking
Bottom of the 8th over - 0 runs, 0 hits, 0 errors, 0 left on base; Chesapeake 5 - Northville 3
TOP OF THE 9TH
Chesapeake Cangrejos Fantasmas batting - Pitching for Northville Eclipse : RHP Abisai Tinter
Pitching: RHP Ari Schaller
Batting: RHB Marcos Calvo 0-0: Ball
1-0: Ball
2-0: Ground out 4-3 (Groundball, 4, EV 84.4 MPH)
Batting: LHB Ken Jackson 0-0: Ball
1-0: Ball
2-0: Ground out 4-3 (Groundball, 34D, EV 106.9 MPH)
Batting: LHB Joey Terry 0-0: Ball
1-0: Swinging Strike
1-1: Ball
2-1: Foul Ball, location: 2F
2-2: SINGLE (Line Drive, 5D, EV 105.0 MPH)
Batting: SHB Félix Linaza 0-0: Foul Ball, location: 2F
0-1: Called Strike
0-2: Foul Ball, location: 2F
0-2: Ball
1-2: Ball
2-2: Fly out, F8 (Flyball, 8LS, EV 88.1 MPH)
Top of the 9th over - 0 runs, 1 hit, 0 errors, 1 left on base; Chesapeake 5 - Northville 3
BOTTOM OF THE 9TH
Northville Eclipse batting - Pitching for Chesapeake Cangrejos Fantasmas : LHP Anathapinda Sahar
Now at SS: Jorge Pagán
Batting: LHB Ramón Gómez 0-0: Called Strike
0-1: Foul Ball, location: 2F
0-2: Ball
1-2: Fly out, F7 (Line Drive, 7, EV 91.9 MPH)
Batting: RHB Dan Babauta 0-0: Ball
1-0: Called Strike
1-1: Ball
2-1: Swinging Strike
2-2: Ball
3-2: Foul Ball, location: 2F
3-2: Fly out, F9 (Flyball, 9LM, EV 94.4 MPH)
Batting: RHB Bastien Oudin 0-0: Called Strike
0-1: Ball
1-1: Foul Ball, location: 2F
1-2: Ball
2-2: Foul Ball, location: 2F
2-2: Strikes out looking
Bottom of the 9th over - 0 runs, 0 hits, 0 errors, 0 left on base; Chesapeake 5 - Northville 3
Thursday, June 17th, 2021 - OOTP Baseball 20.8 Build 74